 Dungeon Crawl Stone Soup version 0.31.0-1-g2c135a0 (webtiles) character file.

Game seed: 1043199057554922314

9 jagoly the Trooper (level 2, 0/19 HPs)
             Began as a Gargoyle Monk on Feb 2, 2024.
             Slain by a hobgoblin (3 damage)
             ... on level 1 of the Dungeon.
             The game lasted 00:01:02 (142 turns).

jagoly the Trooper (Gargoyle Monk)                   Turns: 142, Time: 00:01:03

Health: 0/19       AC:  4    Str: 14    XL:     2   Next: 16%
Magic:  2/2        EV: 12    Int: 10    God:
Gold:   18         SH:  0    Dex: 12    Spells: 1/1 levels left

rFire   . . .        a - +0 hand axe
rCold   . . .        d - orb {light}
rNeg    + . .        b - +0 robe
rPois   ∞            (no helmet)
rElec   +            (no cloak)
rCorr   .            (no gloves)
SInv    .            (no boots)
Will    .....        (no amulet)
Stlth   +            (no ring)
HPRegen 0.23/turn    (no ring)
MPRegen 0.08/turn

%: no passive effects
@: glowing
A: sickness immunity, AC +2, negative energy resistance 1, electricity
resistance, torment resistance 1, petrification resistance
a: no special abilities


You were on level 1 of the Dungeon.
You visited 1 branch of the dungeon, and saw 2 of its levels.

You collected 18 gold pieces.

Inventory:

Hand Weapons
 a - a +0 hand axe (weapon)
Missiles
 e - 4 stones (quivered)
Armour
 b - a +0 robe (worn)
 d - an orb of light (worn)
Scrolls
 f - a scroll of revelation {unknown}
 g - a scroll of identify {unknown}
 h - a scroll of vulnerability {unknown}
Potions
 c - a potion of ambrosia


   Skills:
 + Level 3.4 Fighting
 * Level 2.9 Axes
 + Level 0.6 Armour
 + Level 2.5 Dodging


You had one spell level left.
You didn't know any spells.
Your spell library was empty.

Dungeon Overview and Level Annotations

Branches:
Dungeon (2/15) Zot: 11852

Altars:


Innate Abilities, Weirdness & Mutations

You are immune to sickness and miasma.
Your stone body is resilient. (AC +2)
You are immune to poison.
You resist negative energy. (rN+)
You are resistant to electric shocks. (rElec)
You are resistant to unholy torment.
You are immune to petrification.


Message History

Welcome, jagoly the Gargoyle Monk.
Will you prevail where others failed? Will you find the Orb of Zot?
Press ? for a list of commands and other information.
Found a staircase leading out of the dungeon.
You open the door. 2 kobolds come into view.
Found 13 gold pieces.
The kobold shouts!
There is an open door here.
The kobold throws a stone.
The stone barely misses you.
You barely miss the kobold. The kobold hits you with a +0 whip.
You barely miss the kobold. The kobold hits you but does no damage.
You hit the kobold.
The kobold is severely wounded.
The kobold hits you with a +0 whip.
You hit the kobold but do no damage.
The kobold is severely wounded.
The kobold hits you with a +0 whip.
You hit the kobold.
You kill the kobold!
You hit the kobold but do no damage. The kobold hits you with a +0 dagger.
The kobold misses you.
You hit the kobold but do no damage. The kobold hits you but does no damage.
You hit the kobold.
You kill the kobold!
No target in view!
No target in view!
Things that are here:
a +0 whip; a stone; a kobold corpse
Things that are here:
a +0 dagger; a kobold corpse
Things that are here:
a +0 whip; a stone; a kobold corpse
e - a stone You now have 13 gold pieces.
HP restored.
Found 5 gold pieces.
An endoplasm comes into view.
The endoplasm quivers.
The endoplasm hits you.
You hit the endoplasm.
The endoplasm is heavily wounded.
The endoplasm misses you.
You hit the endoplasm.
You kill the endoplasm!
No target in view!
You now have 18 gold pieces (gained 5).
Found a scroll labelled UGICENE BYOXIESS.
Found a stone staircase leading down.
f - a scroll labelled UGICENE BYOXIESS
Found 3 stones and a scroll labelled HUZXO IGEL. 2 frilled lizards come into view.
The frilled lizard hisses angrily.
You hit the frilled lizard.
You kill the frilled lizard!
You hit the frilled lizard.
You kill the frilled lizard!
No target in view!
No target in view!
e - 4 stones (gained 3)
There is a stone staircase leading down here.
g - a scroll labelled HUZXO IGEL
There is a stone staircase leading down here.
You climb downwards.
Found a stone staircase leading up.
There is a stone staircase leading up here.
A goblin comes into view. It is wielding a +0 club.
The goblin shouts!
You hear a loud squeak.
There is a stone staircase leading up here.
A rat comes into view.
Found a scroll labelled BOEFUP JOTREWY.
Found a stone staircase leading up.
The goblin hits you but does no damage.
You closely miss the goblin. The goblin hits you but does no damage.
You barely miss the rat. You hit the goblin.
The goblin hits you with a +0 club. The rat closely misses you.
You hit the goblin.
You kill the goblin!
You hit the rat. The rat closely misses you.
You barely miss the rat.
The rat is moderately wounded.
The rat closely misses you.
You hit the rat.
You kill the rat!
No target in view!
No target in view!
Found a coppery potion.
Things that are here:
a +0 club; a goblin corpse
Found 8 gold pieces.
h - a scroll labelled BOEFUP JOTREWY
There is a stone staircase leading up here.
You climb upwards.
The hobgoblin shouts!
You hear an angry hiss.
The rat bites you.
Found 11 gold pieces and a coppery potion.
Found an escape hatch in the floor.
There is a stone staircase leading down here.
You hit the rat.
You kill the rat!
The bat barely misses you.
A bat comes into view.
A hobgoblin comes into view.
You have reached level 2!
You hit the hobgoblin but do no damage. The bat barely misses you.
The hobgoblin barely misses you.
A ball python comes into view.
You can't go up here!
The bat hits you but does no damage. The bat hits you.
The hobgoblin closely misses you. The quokka closely misses you.
You climb downwards.
There is a stone staircase leading up here.
You barely miss the hobgoblin. You closely miss the quokka.
The quokka closely misses you. The hobgoblin misses you. The quokka bites you.
The hobgoblin closely misses you.
You barely miss the hobgoblin. You barely miss the quokka.
The quokka bites you. The hobgoblin barely misses you.
You hit the hobgoblin but do no damage. You hit the quokka.
The quokka closely misses you. The hobgoblin closely misses you.
You hit the quokka but do no damage.
The quokka is moderately wounded.
You hit the hobgoblin. The quokka bites you.
* * * LOW HITPOINT WARNING * * *
The hobgoblin misses you. The quokka misses you.
You are too injured to fight recklessly!
You are too injured to fight recklessly!
The quokka attacks as it pursues you! The quokka barely misses you.
You hit the quokka.
The quokka is heavily wounded.
The quokka misses you.
You closely miss the quokka.
The quokka is heavily wounded.
The quokka bites you.
* * * LOW HITPOINT WARNING * * *
The quokka bites you but does no damage.
You are too injured to fight recklessly!
You are too injured to fight recklessly!
You hit the quokka but do no damage.
The quokka is heavily wounded.
The quokka closely misses you.
You hit the quokka.
The quokka is almost dead.
The quokka closely misses you.
You barely miss the quokka.
The quokka is almost dead.
The quokka bites you but does no damage.
The quokka twitches its whiskers.
The quokka closely misses you.
You hit the quokka.
You kill the quokka!
You hit the hobgoblin.
You kill the hobgoblin!
There is a stone staircase leading up, spattered with blood here.
You see here a hobgoblin corpse.
You climb upwards.
The bat closely misses you. The ball python closely misses you.
The ball python grabs you. The ball python constricts you. The bat hits you.
* * * LOW HITPOINT WARNING * * *
The ball python bites you but does no damage.
The ball python constricts you. The hobgoblin hits you.
* * * LOW HITPOINT WARNING * * *
There is a stone staircase leading down here.
You escape the ball python's grasp.
The bat hits you but does no damage. The bat closely misses you.
The hobgoblin hits you.
* * * LOW HITPOINT WARNING * * *
The ball python bites you.
* * * LOW HITPOINT WARNING * * *
The ball python grabs you.
You stop descending the stairs.
The ball python constricts you.
* * * LOW HITPOINT WARNING * * *
You escape the ball python's grasp.
The bat barely misses you. x2
The hobgoblin hits you.
You die...

## .# ....
.....!.........
.............
#...........
#.........
....$...
#.....#
##...gb##
#...S@b.#
..>........#
#.............#
##..........#..
#.............
...............
#.........#####
...........


You could see a hobgoblin, 2 bats and a ball python.

Vanquished Creatures
  An endoplasm (D:1)
  A goblin (D:2)
  A hobgoblin (D:2)
  A quokka (D:2)
  2 frilled lizards (D:1)
  2 kobolds (D:1)
  2 rats
10 creatures vanquished.

Notes
Turn   | Place    | Note
-------+----------+-------------------------------------------
     0 | D:1      | jagoly the Gargoyle Monk began the quest for the Orb.
     0 | D:1      | Reached XP level 1. HP: 14/14 MP: 1/1
   123 | D:1      | Reached XP level 2. HP: 17/19 MP: 2/2
   142 | D:1      | Slain by a hobgoblin

Illustrated notes

Levels and vault maps discovered:
D:1:      amcnicky_arrival_feature_with_door, layout_rooms,
          nicolae_figureground_pulse
D:2:      layout_loops_ring, serial_shops, shop,
          hellmonk_ecumenical_altar_lost_god, minmay_misc_feat_cross,
          uniq_jessica, uniq_sigmund

Action                     || total
---------------------------++-------
  Melee: Hand axe          ||    29
 Armour: Robe              ||    26
  Dodge: Dodged            ||    29
